 Dungeon Crawl Stone Soup version 0.25.0-10-g039870ee82 (webtiles) character file.

Game seed: 17116533913365335393

2098 mopl the Spear-Bearer (level 9, -1/61 HPs)
             Began as a Merfolk Skald on June 23, 2020.
             Was a Priest of Yredelemnul.
             Slain by an orc wizard
             ... wielding a +0 dagger
              (3 damage)
             ... on level 6 of the Dungeon.
             The game lasted 00:13:48 (8392 turns).

mopl the Spear-Bearer (Merfolk Skald)               Turns: 8392, Time: 00:13:48

Health: -1/61      AC: 13    Str: 14    XL:     9   Next: 28%
Magic:  23/23      EV: 10    Int: 12    God:    Yredelemnul [***...]
Gold:   365        SH:  0    Dex: 14    Spells: 4/12 levels left

rFire    . . .     SeeInvis .   b - +0 halberd
rCold    . . .     Gourm    .   (shield currently unavailable)
rNeg     . . .     Faith    .   g - +4 scale mail {MR+}
rPois    .         Spirit   .   q - +2 helmet
rElec    .         Reflect  .   (no cloak)
rCorr    .         Harm     .   (no gloves)
MR       +....                  (no boots)
Stlth    ..........             (no amulet)
HPRegen  0.20/turn              w - ring of magical power
MPRegen  0.18/turn              (no ring)

@: injury mirror, stab
A: change form in water, swift swim, stealthy swim
a: Recall Undead Slaves, Injury Mirror, Animate Dead, Renounce Religion


You were on level 6 of the Dungeon.
You worshipped Yredelemnul.
Yredelemnul was most pleased with you.
You were hungry.

You visited 1 branch of the dungeon, and saw 6 of its levels.

You collected 436 gold pieces.
You spent 71 gold pieces at shops.

Inventory:

Hand Weapons
 a - a +0 spear
 b - a +0 halberd (weapon)
 D - a +2 spear of freezing
Missiles
 c - 7 throwing nets
 e - 39 poisoned darts (quivered)
 j - 10 boomerangs
 p - 5 curare-tipped darts
Armour
 g - a +4 scale mail of magic resistance (worn)
 q - a +2 helmet (worn)
Jewellery
 o - an uncursed ring of ice
 w - a ring of magical power (left hand)
 C - an uncursed ring of fire
Wands
 v - a wand of clouds (5)
 x - a wand of flame (15)
 B - a wand of disintegration (17)
Scrolls
 f - 5 scrolls of teleportation
 h - 2 scrolls of enchant armour
 i - a scroll of remove curse
 l - 2 scrolls of enchant weapon {unknown}
 n - a scroll of fog {unknown}
 s - a scroll of amnesia {unknown}
 t - a scroll of identify
 y - a scroll of fear {unknown}
Potions
 k - a potion of mutation
 m - a potion of lignification
 r - 2 potions of flight
 u - a potion of cancellation
Comestibles
 d - 6 rations


   Skills:
 - Level 2.1 Fighting
 + Level 11.8 Polearms
 - Level 0.6 Armour
 - Level 2.6 Dodging
 - Level 2.0 Spellcasting
 - Level 3.2 Charms
 + Level 7.5 Invocations
 + Level 4.8 Evocations


You had 4 spell levels left.
You knew the following spells:

 Your Spells              Type           Power        Failure   Level  Hunger
a - Apportation           Tloc           #.....       77%         1    ##.....
b - Song of Slaying       Chrm           #.......     43%         2    ###....
c - Spectral Weapon       Hex/Chrm       #.......     88%         3    ####...
d - Infusion              Chrm           #...         32%         1    ##.....
x - Animate Skeleton      Necr           N/A          77%         1    ##.....

Your spell library contained the following spells:

 Spells                   Type           Power        Failure   Level  Hunger
 Shroud of Golubria       Chrm/Tloc      #.....       67%         2    ###....
 Corona                   Hex            #......      77%         1    ##.....
 Summon Small Mammal      Summ           #...         77%         1    ##.....
 Ozocubu's Armour         Chrm/Ice       #.......     88%         3    ####...


Dungeon Overview and Level Annotations

Branches:
Dungeon (6/15)             Temple (0/1) D:4

Altars:
Cheibriados
Ru
Yredelemnul

Shops:
D:5 ==}[


Message History

The magic dart hits you but does no damage.
A worm comes into view.
Unknown command.
Attack whom?
Press: ? - help, Dir - move target cursor, f/p - shadow imp
Aim: a shadow imp You hit the shadow imp.
The shadow imp is moderately wounded.
The orc wizard casts a spell at you. The magic dart hits you!
* * * LOW HITPOINT WARNING * * *
Yredelemnul mirrors your injury!
The orc wizard is heavily wounded.
The shadow imp hits you but does no damage.
It was a potion of stabbing.
You feel ready to backstab.
The shadow imp hits you but does no damage.
The orc wizard hits you with a +0 dagger.
You die...
Your body rises from the dead as a mindless zombie.

..O >... ####
....a.w(# ......#.###
#..<..# .# ###...# #.#
.#..$# #.#
..#...)#####.##
...#....@......#
.%......5o......#
c.%......=.......#
..................#
..............##
...............##
..#.............# #
####..........#......#
#..........######.##


You could see a worm, an orc wizard (fast) and a shadow imp.

Vanquished Creatures
  Duvessa (D:5)
  A sky beast (D:5)
  An ice beast (D:5)
  4 ogres
  2 centaurs (D:6)
  A bullfrog (D:6)
  Dowan (D:5)
  2 howler monkeys
  2 crimson imps (D:4)
  2 orc priests
  A jelly (D:4)
  A centaur skeleton (D:5)
  4 gnoll shamans (D:5)
  An orc wizard (D:5)
  A bullfrog skeleton (D:5)
  Terence (D:2)
  Jessica (D:2)
  An iguana (D:4)
  6 worker ants
  A howler monkey zombie (D:5)
  30 gnolls
  10 adders
  3 shadow imps (D:5)
  An ooze (D:1)
  An adder skeleton (D:6)
  3 worms
  6 dart slugs
  5 leopard geckos
  14 orcs
  3 giant cockroaches
  7 goblins
  9 hobgoblins
  31 jackals
  6 quokkas
  A ball python (D:2)
  9 bats
  3 frilled lizards
  10 kobolds
  8 rats
195 creatures vanquished.

Vanquished Creatures (others)
  A mummy (D:6)
  A gnoll (D:5)
2 creatures vanquished.

Grand Total: 197 creatures vanquished

Notes
Turn   | Place    | Note
-------+----------+-------------------------------------------
     0 | D:1      | mopl the Merfolk Skald began the quest for the Orb.
     0 | D:1      | Reached XP level 1. HP: 16/16 MP: 3/3
   209 | D:1      | Reached skill level 4 in Polearms
   209 | D:1      | Reached XP level 2. HP: 18/22 MP: 5/5
   493 | D:1      | Reached skill level 5 in Polearms
   493 | D:1      | Reached XP level 3. HP: 16/27 MP: 6/6
  1384 | D:1      | Reached skill level 6 in Polearms
  1691 | D:2      | Reached XP level 4. HP: 16/33 MP: 7/7
  1930 | D:2      | HP: 1/33 [poisoned by an adder]
  2823 | D:2      | Found a basalt altar of Yredelemnul.
  2823 | D:2      | Found a sacrificial altar of Ru.
  2829 | D:2      | Became a worshipper of Yredelemnul the Dark
  3009 | D:2      | Noticed Jessica
  3015 | D:2      | HP: 1/33 [Jessica/nerve-wracking pain (2)]
  3020 | D:2      | Killed Jessica
  3020 | D:2      | Reached skill level 7 in Polearms
  3020 | D:2      | Reached skill level 1 in Invocations
  3020 | D:2      | Reached XP level 5. HP: 2/38 MP: 8/8
  3455 | D:2      | Noticed Terence
  3486 | D:2      | Killed Terence
  3791 | D:3      | Learned a level 1 spell: Animate Skeleton
  3793 | D:3      | Learned a level 1 spell: Apportation
  4077 | D:3      | Reached * piety under Yredelemnul
  4458 | D:2      | Reached XP level 6. HP: 38/44 MP: 9/9
  4565 | D:3      | Reached skill level 8 in Polearms
  5211 | D:4      | Reached skill level 9 in Polearms
  5211 | D:4      | Reached XP level 7. HP: 44/50 MP: 10/10
  5237 | D:4      | Learned a level 2 spell: Song of Slaying
  5241 | D:4      | Learned a level 3 spell: Spectral Weapon
  5699 | D:4      | Reached skill level 5 in Invocations
  5790 | D:4      | Found a snail-covered altar of Cheibriados.
  5827 | D:4      | Found a staircase to the Ecumenical Temple.
  6047 | D:5      | Entered Level 5 of the Dungeon
  6070 | D:5      | Reached ** piety under Yredelemnul
  6242 | D:5      | Reached skill level 1 in Evocations
  6260 | D:5      | Reached skill level 10 in Polearms
  6326 | D:5      | Reached XP level 8. HP: 46/56 MP: 12/12
  6715 | D:5      | Noticed Duvessa
  6715 | D:5      | Noticed Dowan
  6735 | D:5      | Reached *** piety under Yredelemnul
  6954 | D:5      | Killed Duvessa
  6967 | D:5      | Killed Dowan
  7217 | D:5      | Found Julufoo's Jewellery Emporium.
  7227 | D:5      | Found Gikliexi's Jewellery Shoppe.
  7237 | D:5      | Bought a cursed amulet of inaccuracy for 22 gold pieces
  7237 | D:5      | Bought a cursed ring of attention for 49 gold pieces
  7454 | D:5      | Found Ycoreps's Armour Shop.
  7564 | D:5      | Reached skill level 11 in Polearms
  7613 | D:5      | Found Dihongea's Gadget Shoppe.
  8020 | D:6      | Reached XP level 9. HP: 37/61 MP: 14/14
  8375 | D:6      | Received a gift from Yredelemnul (a mummy)
  8391 | D:6      | HP: 2/61 [orc wizard/magic dart (7)]
  8392 | D:6      | Slain by an orc wizard

Illustrated notes

Levels and vault maps discovered:
D:1:      lightli_arrival_chessboard, layout_rooms, minmay_hedge_maze
D:2:      layout_basic, gammafunk_temple_overflow_wave, uniq_jessica,
          uniq_terence
D:3:      layout_rooms
D:4:      layout_basic, minmay_temple_entry_poolview, first_ration,
          corexii_shack, st_stairs_10, kennysheep_slug_shrine
D:5:      lemuel_castle_with_subvaults [lemuel_castle_interior_carwin_2],
          layout_basic, serial_shops, shop, shop, nicolae_shop_statue_plus,
          nicolae_shop_trees, uniq_duvessa
D:6:      layout_rooms, skrybe_limestone_x, minivault_10

Skill      XL: |  1  2  3  4  5  6  7  8 |
---------------+-------------------------+-----
Polearms       | 4 5 6 7 9 10 11 | 11.8
Invocations    | 1 2 4 5 7 |  7.5
Evocations     | 1 4 |  4.8
Fighting       | |  2.1
Armour         | |  0.6
Dodging        | |  2.6
Spellcasting   | |  2.0
Charms         | |  3.2

Action                   |  1- 3 |  4- 6 |  7- 9 || total
-------------------------+-------+-------+-------++-------
Melee: Spear             |   162 |   305 |       ||   467
       Halberd           |       |    55 |   455 ||   510
       Tailslap          |       |       |     4 ||     4
Throw: Dart              |       |     8 |    11 ||    19
Invok: Injury Mirror     |       |       |     1 ||     1
  Use: Potion            |     1 |       |     3 ||     4
       Scroll            |       |     9 |     2 ||    11
 Stab: Sleeping          |       |     2 |       ||     2
       Distracted        |       |       |     1 ||     1
  Eat: Chunk             |     2 |    12 |    10 ||    24
Armor: Leather armour    |    31 |    18 |       ||    49
       Scale mail        |       |   119 |   205 ||   324
Dodge: Dodged            |    87 |   183 |   241 ||   511
